Map: Nightshade LE

Players

Zest

  • Race: Protoss Protoss
  • Spawn Location: 11:00

Reynor - Winner!

  • Race: Zerg Zerg
  • Spawn Location: 5:00

Event: IEM Katowice 2020

VOD

Have the link to the VOD?

Description

Time

  • Played on: Feb. 27, 2020, 11:48 a.m.
  • Length: 14:05

All games in this series

Show
View Real Time Build Order
Export as new Build Order

Zest Protoss 

Build Orders: 1 Gate Expand, Mass Adepts 

Get SALT Encoding   

  12  0:00  Probe  
  13  0:13  Pylon  
  13  0:18  Probe (Chrono Boost)  
  15  0:29  Probe (Chrono Boost)  
  15  0:34  Probe (Chrono Boost)  
  16  0:40  Gateway  
  16  0:44  Probe  
  16  0:48  Assimilator  
  17  0:57  Probe  
  18  1:09  Probe  
  19  1:21  Probe  
  20  1:28  Nexus  
  20  1:35  Cybernetics Core  
  20  1:37  Probe  
  21  1:44  Assimilator  
  21  1:49  Probe  
  21  1:52  Pylon  
  23  2:01  Probe (Chrono Boost)  
  23  2:11  Probe (Chrono Boost), Warp Gate, Stalker  
  26  2:17  Probe  
  27  2:29  Probe (Chrono Boost)  
  28  2:33  Twilight Council  
  28  2:41  Probe (Chrono Boost)  
  28  2:42  Probe (Chrono Boost)  
  30  2:46  Robotics Facility  
  30  2:49  Probe x2 (Chrono Boost)  
  32  2:54  Probe (Chrono Boost)  
  32  2:55  Probe  
  34  3:04  Gateway  
  34  3:07  Gateway  
  34  3:08  Resonating Glaives (Chrono Boost)  
  34  3:16  Adept  
  36  3:24  Gateway  
  36  3:31  Warp Prism (Chrono Boost)  
  39  3:34  Probe  
  39  3:35  Probe  
  39  3:39  Pylon  
  40  3:46  Probe  
  40  3:47  Probe  
  42  3:50  Pylon  
  42  3:59  Adept  
  42  4:00  Adept  
  42  4:01  Adept  
  48  4:04  Probe x2  
  50  4:12  Pylon  
  50  4:19  Adept  
  52  4:26  Adept x3  
  52  4:27  Probe x2  
  52  4:29  Pylon  
  60  4:32  Observer  
  61  4:47  Adept x4  
  61  4:50  Probe x2, Pylon  
  71  4:56  Pylon  
  71  4:58  Assimilator  
  71  5:01  Assimilator  
  65  5:07  Adept x4  
  59  5:29  Adept x4  
  63  5:36  Nexus  
  63  5:40  Probe  
  63  5:41  Probe  
  57  5:47  Immortal (Chrono Boost)  
  57  5:48  Pylon  
  57  5:51  Stalker  
  57  5:53  Sentry  
  65  6:05  Sentry  
  65  6:07  Probe x2  
  65  6:08  Forge  
  65  6:10  Shield Battery  
  69  6:16  Immortal (Chrono Boost)  
  69  6:19  Probe x2  
  75  6:28  Blink  
  75  6:31  Gateway  
  75  6:33  Gateway  
  75  6:46  Immortal (Chrono Boost)  
  75  6:48  Probe (Chrono Boost)  
  75  6:49  Probe (Chrono Boost)  
  75  6:53  Probe (Chrono Boost)  
  82  6:54  Protoss Ground Weapons Level 1 (Chrono Boost)  
  82  6:58  Probe x2 (Chrono Boost)  
  85  7:01  Probe (Chrono Boost)  
  85  7:03  Probe x2 (Chrono Boost)  
  84  7:10  Observer  
  84  7:12  Probe  
  85  7:16  Sentry x2  
  85  7:17  Immortal (Chrono Boost)  
  91  7:28  Gateway  
  91  7:29  Gateway  
  91  7:30  Gateway  
  91  7:31  Gateway  
  91  7:34  Sentry  
  91  7:35  Sentry  
  95  7:37  Probe x3  
  95  7:39  Pylon  
  95  7:42  Pylon  
  98  7:45  Pylon  
  98  7:47  Immortal (Chrono Boost)  
  102  7:51  Pylon  
  102  8:02  Stalker x4  
  102  8:04  Probe  
  102  8:05  Probe x2  
  113  8:10  Photon Cannon  
  113  8:19  Stalker x2  
  117  8:22  Pylon  
  117  8:25  Pylon  
  117  8:39  Stalker x5  
  117  8:40  Stalker x2  
  131  8:54  Stalker x2  
  135  8:58  Stalker  
  132  9:05  Zealot x4  
  132  9:08  Stalker x2  
  140  9:16  Zealot  
  135  9:30  Stalker  
  131  9:34  Stalker  
  131  9:35  Stalker  
  119  9:45  Stalker  
  112  9:50  Zealot x6  
  120  9:56  Zealot  
  122  10:04  Probe x2 (Chrono Boost)  
  122  10:05  Probe (Chrono Boost)  
  126  10:15  Probe x3 (Chrono Boost)  
  126  10:17  Charge (Chrono Boost)  
  126  10:19  Probe x2 (Chrono Boost)  
  126  10:20  Probe (Chrono Boost)  
  129  10:30  Probe x2  
  129  10:35  Zealot x3  
  132  10:45  Probe x2  
  132  10:46  Observer (Chrono Boost)  
  132  10:47  Probe  
  136  10:57  Probe  
  136  11:04  Probe x2  
  136  11:10  Probe  
  136  11:11  Zealot x6  
  150  11:19  Zealot x3  
  156  11:28  Pylon  
  156  11:30  Pylon x2  
  142  11:47  Zealot x6  
  126  12:01  Zealot x3  
  93  12:23  Zealot x5  
  99  12:35  Zealot x2  
  99  12:36  Zealot  
  99  12:46  Zealot  
  101  13:05  Zealot x3  
  107  13:15  Observer  
  97  13:37  Zealot  
  97  13:38  Zealot x3  
Show
View Real Time Build Order
Export as new Build Order

Reynor Zerg - Winner!

Build Orders: Hatch First 

Get SALT Encoding   

  12  0:01  Drone  
  13  0:12  Overlord  
  13  0:17  Drone  
  14  0:30  Drone  
  15  0:40  Drone  
  16  0:48  Hatchery  
  15  0:51  Drone  
  15  0:55  Drone  
  17  0:59  Drone  
  18  1:09  Extractor  
  17  1:15  Spawning Pool  
  16  1:18  Drone  
  16  1:24  Drone  
  18  1:27  Drone  
  19  1:38  Overlord  
  19  1:51  Drone  
  20  2:02  Zergling x2  
  20  2:03  Zergling x2, Queen x2  
  26  2:11  Drone  
  26  2:12  Drone  
  28  2:16  Metabolic Boost  
  28  2:22  Drone  
  29  2:23  Drone  
  30  2:40  Hatchery  
  30  2:42  Drone  
  30  2:45  Drone  
  30  2:49  Overlord  
  31  2:54  Drone x2  
  31  2:58  Drone  
  34  3:05  Drone x2  
  36  3:08  Queen  
  38  3:13  Drone x2  
  38  3:19  Zergling x6  
  43  3:28  Drone  
  43  3:30  Roach Warren  
  43  3:31  Overlord  
  43  3:38  Drone  
  44  3:42  Extractor  
  44  3:43  Drone  
  44  3:49  Drone  
  44  3:50  Drone x2  
  47  3:55  Overlord  
  46  4:10  Roach  
  46  4:11  Roach x5  
  46  4:15  Roach x2, Overlord  
  46  4:16  Zergling x4  
  64  4:17  Zergling x2  
  64  4:20  Zergling x2  
  64  4:23  Overlord  
  65  4:25  Overlord  
  65  4:35  Roach x3  
  65  4:36  Zergling x2  
  70  4:41  Roach  
  71  4:47  Zergling x4, Roach  
  71  4:52  Roach x2  
  81  4:53  Roach  
  81  4:58  Queen  
  80  5:06  Roach x2  
  77  5:13  Drone  
  77  5:14  Drone x3  
  75  5:22  Drone x3  
  75  5:27  Drone x3  
  78  5:41  Drone x6  
  79  5:42  Drone  
  79  5:46  Drone x2  
  81  5:51  Lair  
  81  5:57  Overlord  
  81  5:58  Drone x3  
  81  6:00  Extractor  
  81  6:03  Queen  
  83  6:08  Overlord  
  83  6:12  Spore Crawler  
  83  6:14  Extractor  
  83  6:15  Drone, Overlord  
  82  6:18  Drone x2  
  82  6:25  Roach x2  
  88  6:32  Zergling x4, Roach x4  
  98  6:37  Roach  
  98  6:39  Queen  
  102  6:41  Roach  
  102  6:43  Ravager x2  
  105  6:49  Zergling x2  
  105  6:50  Overlord x2  
  105  6:51  Glial Reconstitution  
  106  6:58  Overlord  
  106  7:00  Evolution Chamber  
  103  7:12  Drone  
  103  7:13  Roach x2, Drone x2  
  103  7:14  Roach x3  
  113  7:17  Drone  
  113  7:18  Ravager, Drone  
  113  7:21  Overseer  
  116  7:23  Zergling x4  
  116  7:28  Drone  
  116  7:29  Extractor, Drone x2  
  120  7:35  Zerg Melee Weapons Level 1  
  120  7:41  Drone x3  
  120  7:42  Extractor  
  120  7:43  Overseer  
  122  7:46  Overlord  
  122  7:47  Drone x3  
  122  7:50  Drone  
  128  7:51  Zergling x2, Roach  
  128  7:53  Overlord  
  128  7:57  Roach x2  
  128  8:00  Drone, Overlord  
  129  8:06  Baneling Nest  
  129  8:07  Drone x2  
  129  8:09  Ravager x2  
  129  8:12  Roach  
  134  8:17  Zergling x6  
  137  8:20  Hatchery  
  137  8:25  Roach x2  
  138  8:27  Roach  
  138  8:31  Zergling x2, Roach  
  143  8:34  Overlord  
  143  8:35  Zergling x4, Roach  
  143  8:36  Zergling x2  
  143  8:37  Ravager x3  
  143  8:38  Ravager  
  152  8:42  Ravager  
  152  8:43  Zergling x2  
  152  8:46  Overlord  
  153  8:50  Overlord  
  153  8:51  Overlord  
  153  8:59  Overlord  
  153  9:05  Ravager x2  
  153  9:06  Ravager x3  
  153  9:09  Zergling x2, Roach  
  161  9:10  Overlord  
  161  9:13  Overlord  
  162  9:17  Overlord  
  162  9:19  Ravager x3  
  162  9:21  Zergling x10  
  162  9:22  Overlord x2  
  167  9:28  Zergling x4  
  162  9:35  Zergling x4  
  162  9:36  Zergling x8  
  156  9:38  Zerg Melee Weapons Level 2  
  156  9:41  Roach Warren  
  156  9:43  Zergling x2  
  146  9:46  Zergling x2  
  146  9:49  Centrifical Hooks  
  146  9:50  Hatchery  
  146  9:54  Pneumatized Carapace  
  146  9:57  Zergling x2  
  146  9:58  Zergling x4  
  147  10:03  Zergling x2  
  144  10:14  Zergling x4  
  144  10:22  Baneling x5  
  144  10:23  Hatchery, Ravager x2  
  144  10:24  Ravager x3  
  144  10:25  Zergling x14  
  155  10:28  Overlord  
  155  10:36  Baneling  
  155  10:37  Baneling  
  155  10:40  Zergling x4  
  151  10:46  Zergling x2  
  151  10:47  Zergling x2, Hatchery  
  151  10:48  Zergling x2, Roach  
  154  10:53  Zergling x2  
  154  10:56  Baneling x4  
  154  10:57  Roach  
  154  11:00  Roach  
  157  11:04  Ravager  
  157  11:05  Ravager x2  
  157  11:06  Baneling x2  
  157  11:08  Zergling x4  
  162  11:12  Baneling x2  
  162  11:15  Zergling x10  
  167  11:22  Zergling x4  
  167  11:27  Baneling  
  167  11:28  Baneling x6  
  167  11:30  Zergling x4  
  169  11:36  Overlord  
  169  11:38  Baneling  
  169  11:39  Baneling x4  
  165  11:42  Zergling x4  
  165  11:45  Zergling x8, Queen  
  165  11:48  Zergling x6, Roach  
  154  11:56  Roach x2  
  143  12:02  Zergling x2  
  136  12:12  Zergling x2, Roach x2  
  136  12:14  Hatchery  
  138  12:18  Roach  
  138  12:19  Roach x2  
  142  12:28  Roach x2  
  142  12:33  Roach  
  141  12:38  Zergling x4  
  141  12:39  Queen  
  141  12:40  Zergling x2  
  142  12:46  Baneling x4  
  142  12:49  Queen  
  142  12:50  Zergling x6  
  142  12:51  Zergling x6  
  148  12:55  Zergling x6  
  148  12:57  Baneling  
  148  12:58  Baneling x3  
  151  13:01  Zergling x4  
  151  13:05  Zergling x2, Baneling x2  
  148  13:21  Zergling x4  
  148  13:23  Zergling x4  
  148  13:26  Baneling x17  
  143  13:30  Roach  
  140  13:35  Roach x2  
  140  13:39  Roach  

Tags
 
Add a new tag
Caveats
  • Supply blocks, unpowered buildings, or Contaminate may cause inaccurate times.
  • Supply counts are checked every 10 seconds.